 Dungeon Crawl Stone Soup version 0.19-a0-1697-g0595f0e (webtiles) character file.

94298 Promi the Destroyer (level 15, -10/138 HPs)
             Began as a Demigod Wizard on Sept 26, 2016.
             Mangled by a spriggan defender
             ... wielding a +8 lajatang of protection
             ... led by the Enchantress
              (15 damage)
             ... on level 1 of the Depths on Sept 27, 2016.
             The game lasted 03:03:09 (36275 turns).

Promi the Destroyer (Demigod Wizard)               Turns: 36275, Time: 03:03:09

Health: -10/138    AC: 18    Str: 10    XL:     15   Next: 20%
Magic:  31/54      EV: 17    Int: 36    God:
Gold:   453        SH:  5    Dex: 12    Spells: 9 memorised, 8 levels left

rFire  + + .     SeeInvis .     B - +3 dagger of Ancient Evil {pierce, MR+ MP+9}
rCold  . . .     Gourm    .     g - +3 leather armour {rF+}
rNeg   . . .     Faith    .     T - +0 buckler of Hedonism {Dex+3}
rPois  .         Spirit   .     U - +2 helmet
rElec  .         Dismiss  .     Z - +2 cloak
rCorr  .         Reflect  .     u - +0 pair of gloves
MR     +++..     Harm     .     v - +0 pair of boots
Stlth  ++........               (no amulet)
                                a - ring of magical power
                                z - ring "Mabbiela" {+Fly rF+ Int+4 Dex-5 Slay+5}

@: lethally poisoned (-10 -> -11), repel missiles, invisible
A: iridescent scales 1, high mp 1, magic resistance 1, robust 1
a: Evoke Flight


You were on level 1 of the Depths.
You were not hungry.

You visited 5 branches of the dungeon, and saw 25 of its levels.

You collected 2012 gold pieces.
You spent 1559 gold pieces at shops.

Inventory:

Hand Weapons
 B - the +3 dagger of Ancient Evil (weapon) {pierce, MR+ MP+9}
   (You found it on level 8 of the Dungeon)

   It inflicts extra damage upon your enemies.
   It affects your resistance to hostile enchantments.
   It affects your magic capacity (+9).
 I - a +3 long sword
Armour
 g - a +3 leather armour of fire resistance (worn)
 s - a +2 robe of the Archmagi
 u - a +0 pair of gloves (worn)
 v - a +0 pair of boots (worn)
 R - a +0 robe of magic resistance
 T - the +0 buckler of Hedonism (worn) {Dex+3}
   (You bought it in a shop on level 10 of the Dungeon)

   It affects your dexterity (+3).
 U - a +2 helmet (worn)
 Z - a +2 cloak (worn)
Jewellery
 a - a ring of magical power (right hand)
 k - an uncursed ring of poison resistance
 q - a +4 ring of slaying
 w - a +2 ring of strength
 z - the ring "Mabbiela" (left hand) {+Fly rF+ Int+4 Dex-5 Slay+5}
   (You found it on level 11 of the Dungeon)

   [ring of flight]

   It affects your intelligence (+4).
   It affects your dexterity (-5).
   It affects your accuracy and damage with ranged weapons and melee attacks
   (+5).
   It protects you from fire.
   It lets you fly.
 J - an uncursed ring of magical power
 P - an uncursed ring of positive energy
 V - the ring "Nethoir" {rC++ AC+2}
   (You found it on level 14 of the Dungeon)

   [ring of protection]

   It affects your AC (+2).
   It greatly protects you from cold.
Wands
 f - a wand of lightning (5/15)
 y - a wand of lightning (3/15)
 F - a wand of flame (37/48)
 S - a wand of iceblast (5/15)
Scrolls
 b - 2 scrolls of fear
 e - 3 scrolls of recharging
 h - 6 scrolls of teleportation
 m - 5 scrolls of amnesia
 n - 7 scrolls of remove curse
 t - 15 scrolls of identify
 x - 3 scrolls of enchant weapon
 M - 3 scrolls of fog
 X - a scroll of magic mapping
Potions
 c - 2 potions of brilliance
 j - a potion of haste
 l - 2 potions of flight
 o - a potion of might
 D - 3 potions of cancellation
 G - 3 potions of resistance
 K - a potion of agility
 L - 4 potions of curing
 O - a potion of berserk rage
 W - a potion of invisibility
Books
 C - a book of the Warp

   Spells                             Type                      Level
   a - Gell's Gravitas                Hexes/Translocation          3
   b - Force Lance                    Conjuration/Translocation    4
   c - Summon Forest                  Summoning/Translocation      5
   d - Dispersal                      Translocation                6
   e - Controlled Blink               Translocation                8
   f - Disjunction                    Translocation                8
 H - a book of Power

   Spells                             Type                      Level
   a - Fulminant Prism                Conjuration/Hexes            4
   b - Iskenderun's Mystic Blast      Conjuration                  4
   c - Venom Bolt                     Conjuration/Poison           5
   d - Bolt of Magma                  Conjuration/Fire/Earth       5
   e - Iron Shot                      Conjuration/Earth            6
   f - Orb of Destruction             Conjuration                  7
   g - Spellforged Servitor           Conjuration/Summoning        7
 N - a book of Spatial Translocations

   Spells                             Type                      Level
   a - Apportation                    Translocation                1
   b - Blink                          Translocation                2
   c - Shroud of Golubria             Charms/Translocation         2
   d - Portal Projectile              Translocation                3
   e - Teleport Other                 Translocation                3
   f - Passage of Golubria            Translocation                4
 Y - a Grand Grimoire

   Spells                             Type                      Level
   a - Monstrous Menagerie            Summoning                    7
   b - Summon Greater Demon           Summoning                    7
   c - Malign Gateway                 Summoning/Translocation      7
   d - Summon Horrible Things         Summoning                    8
Comestibles
 d - 13 bread rations
 i - 8 meat rations
 p - 5 beef jerkies
 r - a royal jelly
 A - a chunk of flesh
 E - 15 fruits
 Q - 4 slices of pizza


   Skills:
 + Level 10.0 Fighting
 - Level 8.0 Short Blades
 - Level 4.0 Armour
 + Level 10.0 Dodging
 - Level 1.8 Stealth
 - Level 4.2 Shields
 * Level 12.1 Spellcasting
 * Level 12.8 Conjurations
 - Level 3.1 Summonings
 - Level 7.6 Translocations


You had 8 spell levels left.
You knew the following spells:

 Your Spells              Type           Power        Failure   Level  Hunger
a - Magic Dart            Conj           ####         0%          1    None
b - Blink                 Tloc           N/A          1%          2    None
c - Call Imp              Summ           #####...     1%          2    None
d - Repel Missiles        Chrm/Air       ###...       3%          2    None
e - Mephitic Cloud        Conj/Pois/Air  ######..     1%          3    None
f - Force Lance           Conj/Tloc      #######.     1%          4    None
g - Passage of Golubria   Tloc           N/A          1%          4    None
h - Summon Forest         Summ/Tloc      ######....   10%         5    None
i - Orb of Destruction    Conj           #######...   14%         7    #####..


Dungeon Overview and Level Annotations

Branches:
Dungeon (15/15)            Temple (0/1) D:7            Lair (6/6) D:8
  Swamp (1/4) Lair:3        Snake (0/4) Lair:3        Slime (0/5) Lair:6
    Orc (2/2) D:9             Elf (0/3) Orc:2        Vaults (0/5) D:13
 Depths (1/5) D:15

Shops:
D:9 [   D:10 [[   D:13 :(([   D:15 =   Orc:1 =   Orc:2 :*

Annotations:
Lair:6 asdguy00's ghost, journeyman DrFE
Orc:2 Donald
Depths:1 the Enchantress


Innate Abilities, Weirdness & Mutations

You have an increased reservoir of magic. (+10% MP)
You are partially covered in iridescent scales. (AC +2)
You are resistant to hostile enchantments. (MR+)
You are robust. (+10% HP)


Message History

You assume a fearsome visage.
The Enchantress resists with almost no effort.
The spriggan defender easily resists.
The spriggan air mage resists with almost no effort.
The spriggan looks frightened!
The spriggan rider looks frightened!
The Enchantress hits you but does no damage.
The Enchantress mumbles some strange words.
You resist with almost no effort.
You fade into invisibility!
You feel sick.
You block the spriggan defender's attack.
The Enchantress hits you with a demon whip of freezing.
* * * LOW HITPOINT WARNING * * *
The Enchantress freezes you.
* * * LOW HITPOINT WARNING * * *
The spriggan air mage waves its arms in wide circles.
The air twists around and strikes you!
* * * LOW HITPOINT WARNING * * *
The spriggan defender hits you with a lajatang of protection!
You die...

##..#..............##..
####..............##.#
#.i............##.##
##..##.........'....
##..i.i.........##.##
##i....############.#
##.#..[..# #.#
##.##...i.# #.#
##.###÷i@..# ##.## #.##
#.....# #.... ###
#..)..# #..##
####'###########..##
##.......##..........
##.......[.#######.###
##.....#.....## #.#
#.............# #.#
#....#...#....#####.###


You could see the Enchantress, 2 spriggan defenders, a spriggan rider (fleeing),
a spriggan air mage and a spriggan (fleeing).

Vanquished Creatures
  A sphinx (Depths:1)
  Agnes (D:14)
  Kirke (Lair:4)
  A fire giant (Depths:1)
  An orc warlord (Orc:1)
  A spriggan defender (Depths:1)
  A very ugly thing (D:15)
  Nessos (Lair:4)
  2 fire dragons
  A yaktaur captain (D:15)
  Harold (Lair:4)
  2 ogre magi
  10 hydras
  5 centaur warriors
  2 deep troll earth magi (Depths:1)
  2 tengu warriors (D:11)
  A death yak (Lair:6)
  Sonja (D:14)
  3 deep trolls (Depths:1)
  3 unseen horrors
  8 hill giants
  10 orc knights
  A deep elf mage (D:13)
  4 orc sorcerers
  A wolf spider (Lair:2)
  12 ugly things
  A manticore (D:12)
  3 cyclopes
  2 black mambas
  11 elephants
  2 centaur zombies
  13 spiny frogs
  A gargoyle (D:14)
  A rime drake (Lair:3)
  4 centaur skeletons
  4 komodo dragons
  A yaktaur (D:15)
  A freezing wraith (D:14)
  2 polar bears (Lair:5)
  5 trolls
  2 tyrant leeches (Swamp:1)
  9 two-headed ogres
  12 blink frogs
  12 slime creatures
  9 hippogriffs
  2 spriggans
  2 shadows
  Sigmund (D:3)
  A wyvern (Lair:5)
  35 yaks
  3 fire bats (Lair:3)
  4 basilisks
  Grum (Lair:1)
  2 mottled dragons (D:14)
  6 vampire mosquitoes (D:12)
  4 nagas (Lair:3)
  10 water moccasins
  5 wargs
  10 porcupines
  4 sky beasts
  42 orc warriors
  A black bear (D:10)
  4 boggarts
  A necrophage (D:13)
  4 ice beasts
  A wasp (D:12)
  A phantom (D:13)
  12 ogres
  18 wolves
  20 centaurs
  3 big kobolds (D:13)
  8 crocodiles
  12 bullfrogs
  A gnoll sergeant (Orc:1)
  A wyvern skeleton (D:8)
  5 scorpions
  7 killer bees
  2 howler monkeys
  7 crimson imps
  2 bullfrog zombies
  10 jellies
  A quasit (D:12)
  14 orc priests
  5 hounds
  16 orc wizards
  2 bullfrog skeletons
  7 iguanas
  Jessica (D:3)
  Terence (D:3)
  7 worker ants
  A killer bee zombie (D:8)
  A hound zombie (D:8)
  A hound skeleton (D:7)
  A worker ant zombie (D:7)
  24 adders
  11 gnolls
  31 river rats
  4 shadow imps
  4 oozes
  5 adder skeletons
  A worm (D:3)
  6 leopard geckos
  78 orcs
  4 ball pythons
  5 giant cockroaches
  7 goblins
  6 hobgoblins
  16 jackals
  6 quokkas
  8 bats
  6 frilled lizards
  A jackal skeleton (D:6)
  A jackal zombie (D:6)
  8 kobolds
  A leopard gecko skeleton (D:5)
  5 rats
  A butterfly (Lair:2)
721 creatures vanquished.

Vanquished Creatures (collateral kills)
  2 slime creatures (D:15)
  An orc (D:6)
3 creatures vanquished.

Vanquished Creatures (others)
  3 humans (Lair:5)
  A sky beast (D:13)
  A bullfrog (Lair:1)
  5 river rats (Lair:1)
  2 orcs
  36 fungi
  21 plants
69 creatures vanquished.

Grand Total: 793 creatures vanquished

Notes
Turn   | Place    | Note
-------+----------+-------------------------------------------
     0 | D:1      | Promi the Demigod Wizard began the quest for the Orb.
     0 | D:1      | Reached XP level 1. HP: 14/14 MP: 6/6
    29 | D:1      | Reached skill level 1 in Conjurations
   239 | D:1      | Reached skill level 1 in Shields
   441 | D:1      | Reached XP level 2. HP: 19/20 MP: 8/8
   978 | D:2      | Reached XP level 3. HP: 26/26 MP: 7/9
   985 | D:1      | Learned a level 2 spell: Blink
   988 | D:1      | Learned a level 2 spell: Call Imp
   991 | D:1      | Learned a level 2 spell: Repel Missiles
  1542 | D:2      | Gained mutation: You are robust. (+10% HP) [potion of mutation]
  1542 | D:2      | Gained mutation: You are resistant to hostile enchantments. (MR+) [potion of mutation]
  1841 | D:2      | Reached XP level 4. HP: 36/36 MP: 10/10
  2066 | D:3      | Found a faded altar of an unknown god.
  2190 | D:3      | Noticed Jessica
  2196 | D:3      | Killed Jessica
  2329 | D:3      | Noticed Terence
  2346 | D:3      | Killed Terence
  2573 | D:3      | Reached XP level 5. HP: 35/41 MP: 12/12
  2687 | D:3      | Noticed Sigmund
  3066 | D:4      | Reached skill level 1 in Fighting
  3187 | D:4      | Noticed an ogre
  3205 | D:4      | Killed an ogre
  3511 | D:5      | Entered Level 5 of the Dungeon
  3668 | D:5      | Found a deep blue altar of Sif Muna.
  3863 | D:5      | Reached XP level 6. HP: 51/51 MP: 13/13
  3885 | D:5      | Found a shattered altar of Ashenzari.
  3918 | D:5      | Reached skill level 1 in Armour
  4134 | D:6      | Learned a level 3 spell: Mephitic Cloud
  4915 | D:6      | Reached XP level 7. HP: 60/60 MP: 15/15
  5264 | D:7      | Found a sacrificial altar of Ru.
  5335 | D:7      | Noticed a spriggan baker
  5343 | D:7      | Killed a spriggan baker
  5616 | D:7      | Reached XP level 8. HP: 69/69 MP: 17/17
  5692 | D:7      | Found a staircase to the Ecumenical Temple.
  6346 | D:8      | Got an ancient dagger
  6350 | D:8      | Identified the +3 dagger of Ancient Evil {pierce, MR+ MP+9} (You found it on level 8 of the Dungeon)
  6628 | D:8      | Found a staircase to the Lair.
  6637 | D:8      | Reached skill level 1 in Short Blades
  6884 | D:8      | Noticed a komodo dragon
  7112 | D:8      | Learned a level 4 spell: Force Lance
  7185 | D:9      | Reached skill level 1 in Translocations
  7321 | D:9      | Reached XP level 9. HP: 78/78 MP: 19/19
  7370 | D:9      | Found Kysaug's Armour Shop.
  7393 | D:9      | Bought a +1 hat for 121 gold pieces
  7556 | D:9      | Reached skill level 5 in Spellcasting
  7566 | D:8      | Reached skill level 5 in Conjurations
  7719 | D:9      | Reached skill level 5 in Dodging
  8302 | D:9      | Found a staircase to the Orcish Mines.
  8708 | D:8      | Killed a komodo dragon
  8708 | D:8      | Reached skill level 5 in Fighting
  9038 | D:3      | Killed Sigmund
  9315 | Lair:1   | Entered Level 1 of the Lair of Beasts
  9330 | Lair:1   | Noticed a spiny frog
  9345 | Lair:1   | Killed a spiny frog
  9526 | Lair:1   | Reached XP level 10. HP: 84/89 MP: 22/22
  9793 | Lair:1   | Found a labyrinth entrance.
 10029 | Lair:1   | Noticed Grum
 10067 | Lair:1   | Killed Grum
 10431 | Lair:1   | Noticed a five-headed hydra
 11296 | Lair:2   | Noticed an eight-headed hydra
 11694 | Lair:2   | Noticed a wolf spider
 12180 | Lair:2   | Learned a level 4 spell: Passage of Golubria
 12416 | Lair:2   | Killed a wolf spider
 12630 | Lair:2   | Reached XP level 11. HP: 82/97 MP: 21/25
 12709 | Lair:3   | Found a staircase to the Swamp.
 13258 | Lair:3   | Found a staircase to the Snake Pit.
 13437 | Lair:3   | Noticed an eight-headed hydra
 13454 | Lair:3   | Killed an eight-headed hydra
 13739 | Lair:3   | Noticed a seven-headed hydra
 13750 | Lair:3   | Killed a seven-headed hydra
 13975 | Lair:3   | Reached skill level 5 in Short Blades
 14504 | Lair:3   | Reached skill level 5 in Translocations
 14547 | Lair:4   | Noticed Harold
 15323 | Lair:4   | Killed Harold
 15647 | Lair:4   | Noticed Nessos
 16111 | Lair:2   | Killed an eight-headed hydra
 16275 | D:8      | Killed a five-headed hydra
 16275 | D:8      | Reached XP level 12. HP: 104/106 MP: 28/28
 16368 | D:10     | Entered Level 10 of the Dungeon
 16594 | D:10     | Found Ehik Hyv's Antique Armour Shoppe.
 16597 | D:10     | Bought a heavily runed buckler for 304 gold pieces
 16607 | D:10     | Identified the cursed +0 buckler of Hedonism {Dex+3} (You bought it in a shop on level 10 of the Dungeon)
 16607 | D:10     | Bought a runed helmet for 144 gold pieces
 16985 | Orc:1    | Entered Level 1 of the Orcish Mines
 16988 | Orc:1    | Found a runed door.
 17691 | Orc:1    | Found Yvimifui's Jewellery Emporium.
 17912 | Orc:1    | Found a roughly hewn altar of Beogh.
 18273 | Orc:1    | Found a roughly hewn altar of Beogh.
 18368 | Orc:2    | Entered Level 2 of the Orcish Mines
 18370 | Orc:2    | Found Bugget's General Store.
 19009 | Orc:2    | Noticed an orc warlord
 19140 | Orc:2    | Noticed an orc warlord
 21069 | Orc:1    | Killed an orc warlord
 21069 | Orc:1    | Reached skill level 10 in Conjurations
 21361 | Orc:2    | Found Gaesed's Antique Armour Boutique.
 21410 | Orc:2    | Found a staircase to the Elven Halls.
 21864 | Orc:2    | Found Qesagec's Book Shop.
 22024 | Orc:2    | Noticed Donald
 22391 | Lair:4   | Killed Nessos
 22391 | Lair:4   | Reached XP level 13. HP: 91/117 MP: 21/31
 23069 | Lair:5   | Noticed Kirke
 23097 | Lair:4   | Killed Kirke
 23694 | Lair:5   | Gained mutation: You are partially covered in iridescent scales. (AC +2) [potion of beneficial mutation]
 23957 | Lair:5   | Reached skill level 10 in Spellcasting
 24936 | Lair:6   | Entered Level 6 of the Lair of Beasts
 24941 | Lair:6   | Noticed asdguy00's ghost (journeyman DrFE)
 25895 | Lair:6   | Found a staircase to the Slime Pits.
 26300 | Swamp:1  | Entered Level 1 of the Swamp
 26826 | D:10     | Found Tuiqo's Armour Shoppe.
 27346 | D:11     | Got a scintillating wooden ring
 27897 | D:11     | Found an iron altar of Okawaru.
 28028 | D:11     | Identified the ring "Mabbiela" {+Fly rF+ Int+4 Dex-5 Slay+5} (You found it on level 11 of the Dungeon)
 28283 | D:11     | Reached skill level 1 in Summonings
 28620 | D:11     | Reached XP level 14. HP: 119/127 MP: 9/33
 28946 | D:11     | Learned a level 5 spell: Summon Forest
 30113 | D:13     | Found Yhymonk's Armour Emporium.
 30860 | D:13     | Found Rakhuil's Book Boutique.
 30860 | D:13     | Found Fuihivan's Weapon Shoppe.
 30864 | D:13     | Bought a book of Power for 630 gold pieces
 30872 | D:13     | Learned a level 7 spell: Orb of Destruction
 31288 | D:13     | Found Mompirag's Weapon Emporium.
 31920 | D:13     | Found a gate to the Vaults.
 32149 | D:14     | Noticed Sonja
 32150 | D:14     | Killed Sonja
 32384 | D:14     | Found a deep blue altar of Sif Muna.
 32901 | D:14     | Got a faintly glowing tin ring
 32908 | D:14     | Identified the ring "Nethoir" {rC++ AC+2} (You found it on level 14 of the Dungeon)
 33089 | D:14     | Noticed Agnes
 33103 | D:14     | Killed Agnes
 33371 | D:15     | Entered Level 15 of the Dungeon
 33535 | D:15     | Found Pithreoly's Jewellery Shop.
 33566 | D:14     | Upgraded the game from 0.19-a0-1692-g68728bb to 0.19-a0-1697-g0595f0e
 34487 | D:15     | Bought an uncursed ring of poison resistance for 360 gold pieces
 34663 | D:15     | Found a staircase to the Depths.
 35351 | D:15     | Reached XP level 15. HP: 138/138 MP: 6/35
 35569 | Depths:1 | Entered Level 1 of the Depths
 35609 | Depths:1 | Noticed a sphinx
 35617 | Depths:1 | Killed a sphinx
 35784 | Depths:1 | Noticed a fire giant
 35832 | Depths:1 | Killed a fire giant
 35832 | Depths:1 | Reached skill level 10 in Dodging
 36073 | Depths:1 | Reached skill level 10 in Fighting
 36245 | Depths:1 | Noticed the Enchantress
 36275 | Depths:1 | HP: 5/138 [spriggan air mage/the air[the Enchantress] (10)]
 36275 | Depths:1 | Mangled by a spriggan defender

Vault maps used:
D:1:      dpeg_arrival_brainrot, serial_bayou_pond_c
D:3:      ecumenical_altar_1, uniq_sigmund, uniq_terence, uniq_jessica
D:4:      first_bread
D:5:      tgw_sif, kennysheep_mini_moat
D:6:      small_statue_intersection
D:7:      nicolae_ru_the_path_less_chosen, the_bakery
D:8:      david_lair_shrubbed
D:9:      david_orc_3, serial_shops, nicolae_shop_crystal
D:10:     serial_shops, kennysheep_mini, nicolae_shop_behind_doors
D:11:     basic_altar
D:12:     st_stairs_8
D:13:     hangedman_vaults_entry_quadrant_bands, serial_shops, shop_statue,
          shop, shop, nicolae_shop_trees
D:14:     basic_altar, uniq_agnes, uniq_sonja
D:15:     grunt_enter_depths_snipers, serial_shops, shop,
          minmay_misc_feat_ornament
Lair:1:   lab_entry_generic, lemuel_old_faithful, uniq_grum
Lair:2:   minmay_lair_venomous_thicket, cheibrodos_lair_reptile_den,
          lemuel_fruit_fields
Lair:3:   minmay_swamp_entry_reptiles, minmay_snake_entry_guardpost_small,
          nicolae_volcano_entry_batcave, grunt_megastairs_1
Lair:4:   infiniplex_staircase_pool_2, uniq_harold, uniq_nessos
Lair:5:   uniq_kirke
Lair:6:   evil_forest, minmay_slime_entry_jelly_boxes, infiniplex_staircase_pool
Swamp:1:  nicolae_swamp_dense_foliage, swamp_pool2, uniq_roxanne
Orc:1:    basic_altar, serial_shops, nicolae_shop_behind_doors,
          lightli_church_of_beogh
Orc:2:    grunt_orc_gardens, grunt_orc_garden, grunt_orc_garden,
          grunt_orc_garden, grunt_orc_garden, uniq_donald
Depths:1: kennysheep_crisscross, serial_shops, shop_statue, lightli_too_deep,
          abyss_entry, kennysheep_small_spiral, kennysheep_inner_square,
          uniq_enchantress

Skill      XL: |  1  2  3  4  5  6  7  8  9 10 11 12 13 14 15 |
---------------+----------------------------------------------+-----
Conjurations   | 1 2 3 4 5 7 8 10 11 12 | 12.8
Shields        | 1 2 3 4 |  4.2
Dodging        | 2 3 4 5 6 7 8 9 10 | 10.0
Fighting       | 1 2 3 4 5 6 7 8 9 10 | 10.0
Armour         | 1 3 4 |  4.0
Spellcasting   | 3 4 5 7 8 9 10 11 12 | 12.1
Short Blades   | 1 3 4 5 6 7 8 |  8.0
Translocations | 1 3 4 5 6 7 |  7.6
Summonings     | 1 3 |  3.1
Stealth        | |  1.8

Action                   |  1- 3 |  4- 6 |  7- 9 | 10-12 | 13-15 || total
-------------------------+-------+-------+-------+-------+-------++-------
Melee: Spear             |    34 |       |       |       |       ||    34
       Short sword       |    74 |   156 |   166 |       |       ||   396
       Dagger            |       |       |   252 |   708 |   354 ||  1314
 Cast: Magic Dart        |    18 |    44 |    60 |    96 |    77 ||   295
       Call Imp          |       |     3 |     4 |     5 |     3 ||    15
       Mephitic Cloud    |       |     3 |       |    23 |     5 ||    31
       Force Lance       |       |       |    18 |   400 |   598 ||  1016
       Passage of Golubr |       |       |       |     4 |     1 ||     5
       Repel Missiles    |       |       |       |     2 |     4 ||     6
       Orb of Destructio |       |       |       |       |     9 ||     9
       Summon Forest     |       |       |       |       |     2 ||     2
  Use: Scroll            |     8 |     3 |     5 |     6 |     8 ||    30
       Potion            |     2 |     4 |     3 |     3 |     2 ||    14
 Stab: Sleeping          |     4 |     2 |     3 |     1 |     4 ||    14
       Distracted        |       |     1 |       |       |     2 ||     3
       Confused          |       |       |       |     6 |       ||     6
  Eat: Chunk             |     3 |    10 |    12 |    40 |    35 ||   100
       Bread ration      |       |       |     1 |     1 |     1 ||     3
       Fruit             |       |       |     1 |     3 |     9 ||    13
       Pizza             |       |       |       |     1 |       ||     1
Armor: Robe              |    19 |     7 |       |    14 |   133 ||   173
       Skin              |       |     2 |       |       |       ||     2
       Leather armour    |       |    25 |    94 |   224 |     8 ||   351
Dodge: Dodged            |    54 |    49 |   164 |   571 |   378 ||  1216
       Deflected         |       |       |       |     6 |    26 ||    32
Block: Buckler           |    16 |    39 |    81 |   271 |   133 ||   540
